 Dungeon Crawl Stone Soup version 0.30.0-29-ga12c61a403 (webtiles) character file.

Game seed: 15574292144376446950

26465 croobank the Thaumaturge (level 13, -20/99 HPs)
             Began as a Gnoll Fire Elementalist on June 6, 2023.
             Was an Initiate of Gozag.
             Hit by a large rock thrown by a cyclops (27 damage)
             ... on level 12 of the Dungeon.
             The game lasted 01:01:01 (15030 turns).

croobank the Thaumaturge (Gnoll Fire Elementalist) Turns: 15030, Time: 01:01:02

Health: -20/99     AC: 15    Str:  8    XL:     13   Next: 26%
Magic:  13/26      EV: 13    Int: 25    God:    Gozag
Gold:   1987       SH:  0    Dex: 13    Spells: 11/31 levels left

rFire   + . .        d - +4 short sword
rCold   . . .        (no shield)
rNeg    . . .        I - +4 swamp dragon scales
rPois   +            (no helmet)
rElec   .            (no cloak)
rCorr   .            (no gloves)
SInv    .            p - +0 pair of boots
Will    .....        E - amulet of magic regeneration
Stlth   +++          y - +6 ring of intelligence
HPRegen 0.36/turn    l - ring of protection from fire
MPRegen 0.60/turn

%: no passive effects
@: gold aura
A: fangs 1, strong nose, distributed training
a: Renounce Religion, Potion Petition, Call Merchant, Bribe Branch


You were on level 12 of the Dungeon.
You worshipped Gozag.
Gozag was most pleased with you.
You visited 2 branches of the dungeon, and saw 13 of its levels.
You visited the Abyss 1 time.
You also visited: Ossuary.

You collected 2753 gold pieces.
You spent 624 gold pieces at shops.
You paid 142 gold pieces to Gozag.

Inventory:

Hand Weapons
 d - a +4 short sword (weapon)
 D - a +2 dagger of draining
 G - a +4 whip
 M - a +3 long sword of freezing
 N - a +1 scimitar
Missiles
 H - 3 curare-tipped darts (quivered)
 T - 4 throwing nets
Armour
 m - a +0 ring mail
 p - a +0 pair of boots (worn)
 z - a +0 buckler
 I - +4 swamp dragon scales (worn)
Magical Staves
 O - a staff of conjuration
 S - a staff of poison
Jewellery
 l - a ring of protection from fire (right hand)
 n - a +6 ring of intelligence
 s - a +6 ring of strength
 y - a +6 ring of intelligence (left hand)
 B - a ring of ice
 E - an amulet of magic regeneration (around neck)
 K - a +6 ring of intelligence
 U - an amulet of reflection
 V - the ring "Jomomif" {rElec rC+ AC+4 Str+3 Dex-4}
   (You acquired it on level 8 of the Dungeon)

   [ring of protection]

   AC:        It affects your AC (+4).
   Str:       It affects your strength (+3).
   Dex:       It affects your dexterity (-4).
   rC:        It protects you from cold.
   rElec:     It insulates you from electricity.
 X - a +5 ring of evasion
 Y - a +4 ring of protection
Wands
 b - a wand of flame (18)
 C - a wand of digging (3)
 L - a wand of iceblast (12)
 Z - a wand of polymorph (6)
Scrolls
 h - 2 scrolls of fog
 i - 3 scrolls of noise
 j - a scroll of immolation
 k - 3 scrolls of teleportation
 o - 2 scrolls of silence
 r - 7 scrolls of identify
 w - 2 scrolls of amnesia
 J - a scroll of blinking
 P - a scroll of vulnerability
 Q - 2 scrolls of magic mapping
Potions
 a - a potion of might
 c - a potion of mutation
 e - 6 potions of lignification
 f - 2 potions of attraction
 g - 2 potions of resistance
 q - 2 potions of magic
 t - 2 potions of haste
 u - 8 potions of brilliance
 v - 4 potions of flight
 A - 2 potions of ambrosia
 F - a potion of heal wounds
 R - a potion of curing
 W - 2 potions of cancellation
Miscellaneous
 x - a tin of tremorstones (2/2)


   Skills:
 + Level 8.3 Fighting
 + Level 8.3 Short Blades
 + Level 8.3 Long Blades
 + Level 8.3 Axes
 + Level 8.3 Maces & Flails
 + Level 8.3 Polearms
 + Level 8.3 Staves
 + Level 8.3 Ranged Weapons
 + Level 8.3 Throwing
 + Level 8.3 Armour
 + Level 9.6 Dodging
 + Level 9.4 Stealth
 + Level 8.3 Shields
 + Level 8.3 Unarmed Combat
 + Level 9.8 Spellcasting
 + Level 7.3 Conjurations
 + Level 7.0 Hexes
 + Level 7.0 Summonings
 + Level 7.0 Necromancy
 + Level 7.0 Translocations
 + Level 7.0 Transmutations
 + Level 9.0 Fire Magic
 + Level 7.0 Ice Magic
 + Level 7.0 Air Magic
 + Level 7.0 Earth Magic
 + Level 7.0 Poison Magic
 + Level 9.1 Invocations
 + Level 8.3 Evocations


You had 11 spell levels left.
You knew the following spells:

 Your Spells              Type           Power      Damage    Failure   Level
a - Foxfire               Conj/Fire      100%       2x1d9     1%          1
b - Scorch                Fire           100%       2d9       1%          2
c - Inner Flame           Hex/Fire       51%        N/A       1%          3
d - Flame Wave            Conj/Fire      52%        2d13      4%          4
e - Ensorcelled Hibernat  Hex/Ice        94%        N/A       1%          2
f - Swiftness             Air            47%        N/A       2%          3
g - Yara's Violent Unrav  Hex/Tmut       23%        3d10      21%         5

Your spell library contained the following spells:

 Spells                   Type           Power      Damage    Failure   Level
 Passwall                 Tmut/Erth      39%        N/A       1%          2
 Volatile Blastmotes      Fire/Tloc      100%       2d18      1%          3
 Tukima's Dance           Hex            47%        N/A       2%          3
 Passage of Golubria      Tloc           47%        N/A       7%          4


Dungeon Overview and Level Annotations

Branches:
Dungeon (12/15)            Temple (1/1) D:5            Lair (0/5) D:11
    Orc (0/2) D:10        Ossuary (visited)

Altars:
Ashenzari
Cheibriados
Dithmenos
Elyvilon
Fedhas
Gozag
Hepliaklqana
Kikubaaqudgha
Makhleb
Nemelex Xobeh
Okawaru
Qazlal
Ru
Sif Muna
Trog
Uskayaw
Vehumet
Wu Jian
Xom
Yredelemnul
Zin
The Shining One

Shops:
D:5 (   D:8 ?

Annotations:
D:5 1 runed translucent door, loir's ghost, amateur DjCj
D:7 3 runed translucent doors, turdburglar's ghost, novice GnWn
D:10 2 transporters, jagang's ghost, journeyman DsBe


Innate Abilities, Weirdness & Mutations

You have very sharp teeth.
Your uncanny sense of smell can sniff out nearby items.
Your experience applies equally to all skills.


Message History

An orc warrior comes into view. It is wielding a +0 long sword.
The cyclops throws a large rock.
The large rock hits you!!
Casting: Scorch (safe; 1% risk of failure)
Confirm with . or Enter, or press ? or * to list all spells.
Flames lash the orc priest.
The orc priest is burned terribly!
The orc priest explodes!
You hear two shouts!
Casting: Scorch (safe; 1% risk of failure)
Confirm with . or Enter, or press ? or * to list all spells.
Flames lash the cyclops.
Flame seeps out of the cyclops.
The cyclops is moderately wounded.
The cyclops's fire resistance burns away.
The orc warrior is distracted by your dazzling golden aura.
The cyclops is engulfed in blazing flames.
Flame seeps out of the cyclops.
The orc warrior shouts!
You hit the cyclops but do no damage.
The cyclops is severely wounded.
The orc warrior is no longer distracted by gold.
The orc warrior is distracted by your dazzling golden aura.
The orc warrior shouts!
You hit the cyclops.
Flame seeps out of the cyclops.
The cyclops is almost dead.
The cyclops is engulfed in blazing flames.
The cyclops explodes!
The fiery explosion engulfs you!! You resist.
* * * LOW HITPOINT WARNING * * *
Your Hexes skill increases to level 7!
Your Summonings skill increases to level 7!
Your Necromancy skill increases to level 7!
Your Translocations skill increases to level 7!
Your Transmutations skill increases to level 7!
Your Fire Magic skill increases to level 9!
Your Ice Magic skill increases to level 7!
Your Air Magic skill increases to level 7!
Your Earth Magic skill increases to level 7!
Your Poison Magic skill increases to level 7!
The cyclops throws a large rock.
The large rock hits you!!
You die...
Your body crumbles into a pile of gold.

..............# . #.........
..............# #.........
......$.....$.# #.........
.....$........# #.........
.......C§§§...# #.........
.o.O....§)§..$# #.........
.o.....o§§§...## ##.........
###....§#§.§§..#####..#...##..
#....o.)§§○§@........#...#...
#.....§§.°§####......#.......
#≈≈≈........# ###########....
#≈.≈........# #...#
#≈.≈...$.#### ##### ≈C.$.$
.....# ....


You could see a cyclops, an orc warrior and an orc.

Vanquished Creatures
  Harold (D:8)
  Erolcha (D:10)
  A rakshasa (D:9)
  4 two-headed ogres
  A centaur warrior (D:9)
  Pikel (D:5)
  2 deep elf pyromancers
  A cyclops (D:12)
  A manticore (D:11)
  A gargoyle (D:10)
  Maggie (D:6)
  An unseen horror (D:10)
  A rime drake (D:11)
  2 kobold demonologists (D:10)
  A troll (D:10)
  2 hornets (D:9)
  Prince Ribbit (D:6)
  3 slime creatures (D:12)
  A wraith (D:9)
  2 vampires
  A wyvern (D:10)
  15 yaks
  2 vampire mosquitoes (D:11)
  A basilisk (D:9)
  A steam dragon (D:9)
  2 acid dragons
  3 water moccasins
  10 orc warriors
  5 ice beasts
  3 black bears
  4 wolves (D:11)
  6 ogres
  6 centaurs
  A boggart (D:9)
  6 bullfrogs
  7 kobold brigands
  7 gnoll sergeants
  4 water moccasin zombies (Ossuary)
  3 scorpions
  8 wights
  A killer bee (D:9)
  A howler monkey (D:7)
  A hound (D:6)
  4 gnoll boudas
  2 jellies
  8 orc priests
  2 sleepcaps
  12 orc wizards
  2 mummies (Ossuary)
  24 gnolls
  9 adders
  2 shadow imps (D:7)
  A white imp (D:6)
  An ufetubus (D:4)
  2 adder zombies (Ossuary)
  4 worms
  3 dart slugs
  37 orcs
  7 ball pythons
  3 bats
  6 endoplasms
  6 giant cockroaches
  8 goblins
  5 hobgoblins
  5 jackals (D:4)
  8 kobolds
  A quokka (D:2)
  3 training dummies (D:5)
  4 frilled lizards
  A gnoll zombie (Ossuary)
  6 hobgoblin zombies (Ossuary)
  4 kobold zombies (Ossuary)
  6 orc zombies (Ossuary)
  9 rats
322 creatures vanquished.

Vanquished Creatures (collateral kills)
  A kobold demonologist (D:10)
  7 foxfires (D:6)
8 creatures vanquished.

Vanquished Creatures (others)
  607 foxfires
607 creatures vanquished.

Grand Total: 937 creatures vanquished

Notes
Turn   | Place    | Note
-------+----------+-------------------------------------------
     0 | D:1      | croobank the Gnoll Fire Elementalist began the quest for
                  | the Orb.
     0 | D:1      | Reached XP level 1. HP: 13/13 MP: 6/6
    15 | D:1      | Found a faded altar of an unknown god.
    38 | D:1      | Reached XP level 2. HP: 19/19 MP: 0/7
    44 | D:1      | Learned a level 2 spell: Scorch
   702 | D:1      | Reached skill level 5 in Spellcasting
   702 | D:1      | Reached XP level 3. HP: 25/25 MP: 3/9
   706 | D:1      | Learned a level 3 spell: Inner Flame
  1149 | D:2      | Reached skill level 1 in Invocations
  1333 | D:2      | Reached skill level 1 in Fighting
  1333 | D:2      | Reached skill level 1 in Short Blades
  1333 | D:2      | Reached skill level 1 in Long Blades
  1333 | D:2      | Reached skill level 1 in Axes
  1333 | D:2      | Reached skill level 1 in Maces & Flails
  1333 | D:2      | Reached skill level 1 in Polearms
  1333 | D:2      | Reached skill level 1 in Staves
  1333 | D:2      | Reached skill level 1 in Ranged Weapons
  1333 | D:2      | Reached skill level 1 in Throwing
  1333 | D:2      | Reached skill level 1 in Armour
  1333 | D:2      | Reached skill level 1 in Shields
  1333 | D:2      | Reached skill level 1 in Unarmed Combat
  1333 | D:2      | Reached skill level 1 in Evocations
  1390 | D:2      | Reached XP level 4. HP: 32/32 MP: 6/11
  1657 | D:2      | Found an iron altar of Okawaru.
  2152 | D:3      | Reached skill level 1 in Hexes
  2152 | D:3      | Reached skill level 1 in Summonings
  2152 | D:3      | Reached skill level 1 in Necromancy
  2152 | D:3      | Reached skill level 1 in Translocations
  2152 | D:3      | Reached skill level 1 in Transmutations
  2152 | D:3      | Reached skill level 1 in Ice Magic
  2152 | D:3      | Reached skill level 1 in Air Magic
  2152 | D:3      | Reached skill level 1 in Earth Magic
  2152 | D:3      | Reached skill level 1 in Poison Magic
  2811 | D:3      | Reached XP level 5. HP: 37/37 MP: 7/12
  2848 | D:3      | Found a burning altar of Makhleb.
  3345 | D:4      | Found a sand-covered staircase.
  3354 | Ossuary  | Entered an ossuary
  3521 | Ossuary  | Reached XP level 6. HP: 28/44 MP: 0/14
  3676 | Ossuary  | Reached skill level 5 in Dodging
  4386 | D:4      | Reached XP level 7. HP: 37/50 MP: 10/15
  4897 | D:4      | Reached skill level 5 in Stealth
  5215 | D:5      | Entered Level 5 of the Dungeon
  5451 | D:4      | Learned a level 4 spell: Flame Wave
  5720 | D:5      | Found Syzyr's Firing Range.
  5783 | D:5      | Found a runed translucent door.
  5792 | D:5      | Noticed loir's ghost (amateur DjCj)
  5828 | D:5      | Reached XP level 8. HP: 40/58 MP: 11/16
  5902 | D:5      | Identified the +0 scale mail of the Bells {Harm rElec
                  | Slay-2 Stlth+}
  6174 | D:5      | Found a staircase to the Ecumenical Temple.
  6234 | Temple   | Entered the Ecumenical Temple
  6687 | D:6      | Reached XP level 9. HP: 65/65 MP: 10/18
  6713 | D:6      | Noticed Prince Ribbit
  6718 | D:6      | Learned a level 2 spell: Ensorcelled Hibernation
  6741 | D:6      | Killed Prince Ribbit
  6965 | D:6      | Noticed Maggie
  7247 | D:5      | Learned a level 3 spell: Swiftness
  7367 | D:6      | Noticed Pikel
  7379 | D:5      | Killed Pikel
  7380 | D:5      | Reached skill level 5 in Invocations
  7616 | D:6      | Killed Maggie
  8009 | D:7      | Found a shimmering blue altar of Sif Muna.
  8009 | D:7      | Found a bloodstained altar of Trog.
  8011 | D:7      | Found an opulent altar of Gozag.
  8011 | D:7      | Found a glowing silver altar of Zin.
  8014 | D:7      | Became a worshipper of Gozag Ym Sagoz the Greedy
  8067 | D:7      | Reached skill level 5 in Fighting
  8067 | D:7      | Reached skill level 5 in Short Blades
  8067 | D:7      | Reached skill level 5 in Long Blades
  8067 | D:7      | Reached skill level 5 in Axes
  8067 | D:7      | Reached skill level 5 in Maces & Flails
  8067 | D:7      | Reached skill level 5 in Polearms
  8067 | D:7      | Reached skill level 5 in Staves
  8067 | D:7      | Reached skill level 5 in Ranged Weapons
  8067 | D:7      | Reached skill level 5 in Throwing
  8067 | D:7      | Reached skill level 5 in Armour
  8067 | D:7      | Reached skill level 5 in Shields
  8067 | D:7      | Reached skill level 5 in Unarmed Combat
  8067 | D:7      | Reached skill level 5 in Evocations
  8067 | D:7      | Reached XP level 10. HP: 36/74 MP: 13/20
  8534 | D:7      | Found a runed translucent gate.
  8534 | D:7      | Found a runed translucent gate.
  8534 | D:7      | Noticed turdburglar's ghost (novice GnWn)
  8534 | D:7      | Noticed a kobold demonologist
  8535 | D:7      | Found a runed translucent gate.
  9110 | D:8      | Found a shadowy altar of Dithmenos.
  9259 | D:8      | Found a broken altar of Ashenzari.
  9482 | D:8      | Reached skill level 5 in Conjurations
  9674 | D:8      | Found Fachyos's Magic Scroll Boutique.
  9682 | D:8      | Bought a scroll of acquirement for 624 gold pieces
  9682 | D:8      | Acquired the ring "Jomomif" {rElec rC+ AC+4 Str+3 Dex-4}
  9970 | D:9      | Noticed Harold
  9991 | D:8      | Killed Harold
 10648 | D:9      | Reached skill level 5 in Hexes
 10648 | D:9      | Reached skill level 5 in Summonings
 10648 | D:9      | Reached skill level 5 in Necromancy
 10648 | D:9      | Reached skill level 5 in Translocations
 10648 | D:9      | Reached skill level 5 in Transmutations
 10648 | D:9      | Reached skill level 5 in Ice Magic
 10648 | D:9      | Reached skill level 5 in Air Magic
 10648 | D:9      | Reached skill level 5 in Earth Magic
 10648 | D:9      | Reached skill level 5 in Poison Magic
 10648 | D:9      | Reached XP level 11. HP: 83/83 MP: 21/23
 10657 | D:9      | Learned a level 5 spell: Yara's Violent Unravelling
 10729 | D:9      | Reached XP level 12. HP: 83/89 MP: 11/24
 10808 | D:9      | Acquired 688 gold pieces
 11100 | D:9      | Noticed a two-headed ogre
 11106 | D:9      | Noticed a centaur warrior
 11109 | D:9      | Killed a two-headed ogre
 11252 | D:9      | Noticed a rakshasa
 11269 | D:9      | Killed a centaur warrior
 11600 | D:9      | Killed a rakshasa
 11952 | D:9      | Noticed a two-headed ogre
 11961 | D:9      | Killed a two-headed ogre
 12137 | D:10     | Entered Level 10 of the Dungeon
 12137 | D:10     | Noticed a two-headed ogre
 12149 | D:10     | Killed a two-headed ogre
 12153 | D:10     | Noticed Erolcha
 12165 | Abyss:2  | Cast into level 2 of the Abyss (Erolcha)
 12178 | D:10     | Escaped the Abyss
 12179 | D:10     | Killed Erolcha
 12396 | D:10     | Noticed jagang's ghost (journeyman DsBe)
 12398 | D:10     | Found a transporter.
 12542 | D:10     | Found a hide-covered altar of Uskayaw.
 12868 | D:10     | Identified the +5 sling of Yteasm {flame, rN+ Stlth+}
 12879 | D:10     | Found a transporter.
 13101 | D:10     | Noticed a two-headed ogre
 13246 | D:10     | Found a white marble altar of Elyvilon.
 13247 | D:10     | Found a blossoming altar of Fedhas.
 13278 | D:10     | Found a staircase to the Orcish Mines.
 13981 | D:10     | Reached XP level 13. HP: 88/98 MP: 19/26
 14304 | D:11     | Found a staircase to the Lair.
 15030 | D:12     | Hit by a large rock thrown by a cyclops

Illustrated notes

Levels and vault maps discovered:
D:1:      amcnicky_arrival_wind_blow, layout_rooms,
          hellmonk_ecumenical_altar_blasted, kennysheep_pointless_box,
          serial_park_tiny_1, serial_bayou_pond_d
D:2:      layout_basic, basic_altar
D:3:      layout_basic, bloody_makhleb
D:4:      layout_loops_corners, enter_ossuary_1
D:5:      layout_rooms, minmay_temple_entry_hall, ebering_ghost_sewer_d,
          nicolae_shop_firing_range
D:6:      layout_cave_pools, serial_park, serial_park_avenue1,
          serial_park_square2, serial_park_square3
          [serial_park_minivault_5x5_2], uniq_prince_ribbit1, uniq_pikel,
          uniq_maggie
D:7:      layout_rooms, mainiacjoe_overflow_alcove_3,
          gammafunk_ghost_nasty_kobolds, patterned_corridor
D:8:      layout_gridville, grunt_dithmenos_smoke, old_standard_altar,
          serial_shops, shop
D:9:      nzn_winding_woodlands_medium [nzn_winding_woodlands_5x5_three,
          nzn_winding_woodlands_5x15_sidewinder,
          nzn_winding_woodlands_5x5_default,
          nzn_winding_woodlands_5x5_perimeter,
          nzn_winding_woodlands_center_pierced_h,
          nzn_winding_woodlands_5x5_default,
          nzn_winding_woodlands_5x5_checkerboard,
          nzn_winding_woodlands_5x15_longhouse,
          nzn_winding_woodlands_5x5_open_star], layout_long_grid, uniq_harold
D:10:     layout_basic, overflow_temple_1_default,
          gammafunk_temple_overflow_statue,
          kennysheep_orc_monster_closet_entryway, nzn_ghost_randoct,
          nicolae_figureground_sparkle, uniq_erolcha
D:11:     layout_cave_pools, hellmonk_lair_entry_icy, hangedman_decor_growths
D:12:     layout_cross, chequers_serial_rivers_micro_d,
          nicolae_shop_i_like_big_books
Temple:   nicolae_temple_ecumenical_triangle

Skill      XL: |  1  2  3  4  5  6  7  8  9 10 11 12 13 |
---------------+----------------------------------------+-----
Conjurations   | 2 3 4 6 7 |  7.3
Spellcasting   | 5 6 7 8 9 |  9.8
Invocations    | 1 2 3 4 5 7 8 9 |  9.1
Fighting       | 1 2 3 5 6 8 |  8.3
Short Blades   | 1 2 3 5 6 8 |  8.3
Long Blades    | 1 2 3 5 6 8 |  8.3
Axes           | 1 2 3 5 6 8 |  8.3
Maces & Flails | 1 2 3 5 6 8 |  8.3
Polearms       | 1 2 3 5 6 8 |  8.3
Staves         | 1 2 3 5 6 8 |  8.3
Ranged Weapons | 1 2 3 5 6 8 |  8.3
Throwing       | 1 2 3 5 6 8 |  8.3
Armour         | 1 2 3 5 6 8 |  8.3
Shields        | 1 2 3 5 6 8 |  8.3
Unarmed Combat | 1 2 3 5 6 8 |  8.3
Evocations     | 1 2 3 5 6 8 |  8.3
Hexes          | 1 2 3 4 5 6 7 |  7.0
Summonings     | 1 2 3 4 5 6 7 |  7.0
Necromancy     | 1 2 3 4 5 6 7 |  7.0
Translocations | 1 2 3 4 5 6 7 |  7.0
Transmutations | 1 2 3 4 5 6 7 |  7.0
Ice Magic      | 1 2 3 4 5 6 7 |  7.0
Air Magic      | 1 2 3 4 5 6 7 |  7.0
Earth Magic    | 1 2 3 4 5 6 7 |  7.0
Poison Magic   | 1 2 3 4 5 6 7 |  7.0
Dodging        | 5 6 8 9 |  9.6
Stealth        | 5 6 8 9 |  9.4
Fire Magic     | 6 8 9 |  9.0

Action                     |  1- 3 |  4- 6 |  7- 9 | 10-12 | 13-15 || total
---------------------------+-------+-------+-------+-------+-------++-------
  Melee: Short sword       |     2 |    89 |    45 |   100 |    10 ||   246
         Bite              |       |     9 |     7 |    15 |     2 ||    33
         Punch             |       |     1 |     2 |     5 |     1 ||     9
  Throw: Throwing net      |       |       |     2 |       |       ||     2
   Cast: Foxfire           |    59 |    42 |    99 |   125 |    36 ||   361
         Scorch            |     5 |    53 |    66 |   131 |    21 ||   276
         Flame Wave        |       |       |     8 |    16 |     3 ||    27
         Ensorcelled Hiber |       |       |     4 |    16 |       ||    20
         Inner Flame       |       |       |     1 |    21 |    17 ||    39
         Swiftness         |       |       |     1 |       |       ||     1
  Evoke: Wand              |       |       |       |     3 |       ||     3
    Use: Scroll            |       |    15 |    12 |    10 |     1 ||    38
         Potion            |       |     1 |     9 |     5 |       ||    15
   Stab: Sleeping          |       |     7 |     4 |     8 |       ||    19
         Held in net/web   |       |       |     1 |       |       ||     1
 Armour: Robe              |       |    29 |    13 |       |       ||    42
         Swamp dragon scal |       |       |     4 |    96 |    19 ||   119
  Dodge: Dodged            |     2 |    63 |   114 |   136 |    23 ||   338
